 Dungeon Crawl Stone Soup version 0.32-a0-765-gfba4d74c8c (webtiles) character file.

Game seed: 7206832939910016523

33 Nattfarinn the Digger (level 3, -5/19 HPs)
             Began as a Deep Elf Earth Elementalist on Mar 18, 2024.
             Slain by a gnoll
             ... wielding a +0 spear
              (7 damage)
             ... on level 2 of the Dungeon.
             The game lasted 00:00:50 (590 turns).

Nattfarinn the Digger (Deep Elf Earth Elementalist)  Turns: 590, Time: 00:00:51

Health: -5/19      AC:  3    Str:  5    XL:     3   Next: 12%
Magic:  2/10       EV: 11    Int: 21    God:
Gold:   127        SH:  0    Dex: 15    Spells: 8/9 levels left

rFire   . . .        l - +3 dagger
rCold   . . .        (no shield)
rNeg    . . .        a - +0 robe
rPois   .            (no helmet)
rElec   .            (no cloak)
rCorr   .            i - +0 pair of gloves
SInv    .            (no boots)
Will    .....        (no amulet)
Stlth   ++           (no ring)
HPRegen 0.23/turn    (no ring)
MPRegen 0.12/turn

%: no passive effects
@: no status effects
A: no striking features
a: no special abilities


You were on level 2 of the Dungeon.
You visited 1 branch of the dungeon, and saw 2 of its levels.

You collected 127 gold pieces.

Inventory:

Hand Weapons
 l - a +3 dagger (weapon)
Armour
 a - a +0 robe (worn)
 i - a +0 pair of gloves (worn)
Scrolls
 c - a scroll of fear {unknown}
 d - a scroll of enchant armour {unknown}
 e - a scroll of vulnerability {unknown}
 f - a scroll of acquirement {unknown}
 g - a scroll of poison {unknown}
 k - a scroll of noise {unknown}
Potions
 b - a potion of magic
 h - a potion of curing {unknown}
 j - a potion of haste {unknown}


   Skills:
 - Level 2.4 Dodging
 - Level 2.4 Stealth
 + Level 3.7 Spellcasting
 - Level 1.1 Conjurations
 * Level 4.3 Earth Magic


You had 8 spell levels left.
You knew the following spells:

 Your Spells              Type           Power      Damage    Failure   Level
a - Sandblast             Erth           44%        2d11      1%          1

Your spell library contained the following spells:

 Spells                   Type           Power      Damage    Failure   Level
 Passwall                 Erth           22%        N/A       6%          3
 Stone Arrow              Conj/Erth      30%        3d8       12%         3
 Brom's Barrelling Bould  Conj/Erth      15%        2d4       38%         4
 Petrify                  Alch/Erth      13%        N/A       45%         4


Dungeon Overview and Level Annotations

Branches:
Dungeon (2/15)

Altars:


Message History

No target in view!
A bat comes into view.
There are monsters nearby!
A gnoll comes into view. It is wielding a +0 spear.
A jackal comes into view.
A gnoll comes into view. It is wielding a +0 spear.
The jackal moves out of view.
The blast of sand hits the gnoll!
You kill the gnoll!
The gnoll shouts!
You hear a shout!
The bat hits you but does no damage.
You have reached level 3!
Your experience leads to an increase in your attributes!
Increase (s)trength, (i)ntelligence, or (d)exterity?
You feel clever. x2
The blast of sand hits the bat!
You kill the bat!
The blast of sand hits the jackal.
The jackal is moderately wounded.
The jackal bites you.
The blast of sand hits the jackal!
You kill the jackal!
The bat closely misses you.
A jackal comes into view.
The bat barely misses you.
The gnoll hits you from afar with a +0 spear.
The blast of sand hits the bat!
You kill the bat!
A gnoll comes into view. It is wielding a +0 spear.
The gnoll hits you from afar with a +0 spear.
You are too injured to fight recklessly!
You are too injured to fight recklessly!
You are too injured to fight recklessly!
Unknown command.
A goblin comes into view. It is wielding a +0 club.
You see here a ruby potion.
The gnoll hits you from afar with a +0 spear!
* * * LOW HITPOINT WARNING * * *
The gnoll hits you from afar with a +0 spear!
You die...

.... ..... #....
##############
..#..###.....##.....##
...................##
#..................#
#......@.<......)#
#.(..............#
#?.!.g...........#
#..g.............#
#.†h.............#
##g.............##
..#.....##.....##
...############# !...


You could see 2 gnolls, a jackal and a goblin.

Vanquished Creatures
  A gnoll (D:2)
  4 bats
  5 endoplasms
  A giant cockroach (D:1)
  3 goblins
  A jackal (D:2)
  4 ball pythons
  A frilled lizard (D:2)
  A kobold (D:2)
21 creatures vanquished.

Notes
Turn   | Place    | Note
-------+----------+-------------------------------------------
     0 | D:1      | Nattfarinn the Deep Elf Earth Elementalist began the quest
                  | for the Orb.
     0 | D:1      | Reached XP level 1. HP: 10/10 MP: 6/6
   178 | D:1      | Reached XP level 2. HP: 15/15 MP: 5/8
   559 | D:2      | Reached skill level 4 in Earth Magic
   582 | D:2      | Reached XP level 3. HP: 19/19 MP: 5/10
   590 | D:2      | Slain by a gnoll

Illustrated notes

Levels and vault maps discovered:
D:1:      giann_forest_graveyard, layout_rooms, chequers_decorated_corner
D:2:      layout_rooms, serial_shops, nicolae_shop_window_shopping,
          nicolae_shop_just_a_little_nook, nicolae_shop_tiny_glass

Skill      XL: |  1  2 |
---------------+-------+-----
Earth Magic    | 4 |  4.3
Dodging        | |  2.4
Stealth        | |  2.4
Spellcasting   | |  3.7
Conjurations   | |  1.1

Action                     || total
---------------------------++-------
   Cast: Sandblast         ||    24
 Armour: Robe              ||     6
  Dodge: Dodged            ||     2

Table legend: (Time is in decaauts)
 A = Elapsed time spent in this place.
 B = Non-inter-level travel time spent in this place.
 C = Inter-level travel time spent in this place.
 D = Time resting spent in this place.
 E = Time spent auto-exploring this place.
 F = Levels seen in this place.
 G = Mean time per level.
                   A        B        C        D        E       F      G
               +--------+--------+--------+--------+--------+-----+--------+
         Total |    601 |    561 |     40 |      0 |    448 |   2 |  300.5 |
       Dungeon |    601 |    561 |     40 |      0 |    448 |   2 |  300.5 |
               +--------+--------+--------+--------+--------+-----+--------+

Top non-repeatable levels by time:
     D:1: 519 daAuts
     D:2: 82 daAuts
